 Dungeon Crawl Stone Soup version 0.29.1-13-g9f3cf754e1 (webtiles) character file.

Game seed: 6563267616285030373

8 Vulpanium the Gusty (level 2, 0/19 HPs)
             Began as a Human Air Elementalist on Jan 21, 2023.
             Was a Follower of Fedhas.
             Slain by an endoplasm (2 damage)
             ... on level 1 of the Dungeon.
             The game lasted 00:01:39 (331 turns).

Vulpanium the Gusty (Human Air Elementalist)         Turns: 331, Time: 00:01:39

Health: 0/19       AC:  7    Str:  8    XL:     2   Next: 15%
Magic:  0/5        EV: 12    Int: 15    God:    Fedhas [*.....]
Gold:   6          SH:  5    Dex: 13    Spells: 4/5 levels left

rFire   . . .      SeeInvis .   (no weapon)
rCold   . . .      Faith    .   (no shield)
rNeg    . . .      Spirit   .   a - +0 robe
rPois   .          Reflect  +   (no helmet)
rElec   .          Harm     .   c - +0 cloak
rCorr   .          Rampage  .   (no gloves)
Will    .....                   (no boots)
Stlth   ++........              f - amulet of reflection
HPRegen 0.06/turn               e - +4 ring of protection
MPRegen 0.09/turn               (no ring)

@: no status effects
A: no striking features
a: Renounce Religion


You were on level 1 of the Dungeon.
You worshipped Fedhas.
Fedhas was aware of your devotion.
You visited 1 branch of the dungeon, and saw 1 of its levels.

You collected 6 gold pieces.

Inventory:

Armour
 a - a +0 robe (worn)
 c - a +0 cloak (worn)
Jewellery
 e - a +4 ring of protection (left hand)
 f - an amulet of reflection (around neck)
Scrolls
 d - a scroll of identify {unknown}
Potions
 b - a potion of magic


   Skills:
 + Level 2.2 Dodging
 + Level 2.3 Stealth
 + Level 2.1 Spellcasting
 + Level 1.0 Conjurations
 + Level 3.1 Air Magic


You had 4 spell levels left.
You knew the following spells:

 Your Spells              Type           Power      Damage    Failure   Level
a - Shock                 Conj/Air       28%        1d4       10%         1

Your spell library contained the following spells:

 Spells                   Type           Power      Damage    Failure   Level
 Static Discharge         Conj/Air       7%         3-4/arc   14%         2
 Swiftness                Air            10%        N/A       19%         3
 Airstrike                Air            5%         2d(1-17)  52%         4


Dungeon Overview and Level Annotations

Branches:
Dungeon (1/15)

Altars:
Fedhas


Message History

You have reached level 2!
You barely miss the endoplasm.
The endoplasm is lightly wounded.
The endoplasm freezes you.
You are frozen.
Casting: Shock (safe; 10% risk of failure)
Confirm with . or Enter, or press ? or * to list all spells.
You don't have enough magic to cast this spell.
You hit the endoplasm.
The endoplasm is moderately wounded.
The endoplasm freezes you.
You are frozen.
You barely miss the endoplasm.
The endoplasm is moderately wounded.
The endoplasm freezes you.
You are frozen.
* * * LOW HITPOINT WARNING * * *
You hit the endoplasm but do no damage.
The endoplasm is moderately wounded.
The endoplasm freezes you.
You are frozen.
* * * LOW HITPOINT WARNING * * *
The endoplasm attacks as you move away! The endoplasm barely misses you.
The endoplasm jiggles.
Casting: Shock (safe; 10% risk of failure)
Confirm with . or Enter, or press ? or * to list all spells.
Aiming: Shock (safe; 10% risk of failure)
Press: ? - help, Shift-Dir - straight line, f/p - hobgoblin
Aim: a hobgoblin (heavily wounded, 68% to hit)
The zap hits the endoplasm.
The endoplasm is heavily wounded.
The zap hits the hobgoblin.
You kill the hobgoblin!
Fedhas appreciates your contribution to the ecosystem.
You block the endoplasm's attack. The endoplasm attacks as you move away!
The endoplasm barely misses you. The endoplasm attacks as you move away!
You block the endoplasm's attack. The endoplasm attacks as you move away!
The endoplasm hits you.
You die...
Fedhas appreciates your contribution to the ecosystem.

..# #... .# #.# #.⌠. ..# #.# #...
..# #.# #.⌠. #.. ### #.# ##...
###.. ##.## #.# #...# ... ##..†##
###.#########.### .##.#
##.....####..............##
....###...(....J@....########..#.
###.)...†......###...### #..#.
#####.......##.......######..#.
##.....###.................
##...## #.....).#.#####.## ##..#
##.....##.# #.# #..# #.....##.#
#.# #..#####.###.##.# #.#
#.....##.###.##.#####.##


You could see an endoplasm.

Vanquished Creatures
  A dart slug (D:1)
  An endoplasm (D:1)
  A goblin (D:1)
  A hobgoblin (D:1)
  A bat (D:1)
  A rat (D:1)
6 creatures vanquished.

Notes
Turn   | Place    | Note
-------+----------+-------------------------------------------
     0 | D:1      | Vulpanium the Human Air Elementalist began the quest for
                  | the Orb.
     0 | D:1      | Reached XP level 1. HP: 13/13 MP: 3/3
   139 | D:1      | Found a faded altar of an unknown god.
   249 | D:1      | Prayed at the altar of an unknown god.
   249 | D:1      | Became a worshipper of Fedhas Madash
   249 | D:1      | Reached * piety under Fedhas
   315 | D:1      | Reached XP level 2. HP: 11/19 MP: 0/5
   331 | D:1      | Slain by an endoplasm

Illustrated notes

Levels and vault maps discovered:
D:1:      lemuel_arrival_hallway, layout_loops_ring,
          ebering_ecumenical_altar_abandoned, minmay_misc_feat_square,
          hangedman_decor_slide_cut

Action                   || total
-------------------------++-------
Melee: Unarmed           ||    15
 Cast: Shock             ||    11
Dodge: Dodged            ||     7
Block: Other             ||     6
